 Dungeon Crawl Stone Soup version 0.17-a0-1738-g82cdc46 (console) character file.

1985 utis the Vexing (level 9, -6/51 HPs)
             Began as a Kobold Wizard on Aug 30, 2015.
             Mangled by an iguana (11 damage)
             ... on level 7 of the Dungeon.
             The game lasted 00:36:39 (10652 turns).

utis the Vexing (Kobold Wizard)                    Turns: 10652, Time: 00:36:39

Health: -6/51      AC:  3    Str:  9    XL:     9   Next: 44%
Magic:  16/16      EV: 23    Int: 16    God:
Gold:   99         SH:  0    Dex: 19    Spells: 7 memorised, 2 levels left

rFire  . . .     SeeInvis .     a - +2 short sword (flame)
rCold  . . .     Clarity  .     e - +0 robe
rNeg   + . .     SustAt   .     (shield restricted)
rPois  .         Gourm    .     b - +1 hat
rElec  .         Spirit   .     (no cloak)
rCorr  .         Warding  .     (no gloves)
rMut   .         Stasis   .     (no boots)
MR     .....                    (no amulet)
Stlth  ++++......               (no ring)
                                x - ring of positive energy (curse)

@: agile, lethally poisoned (-6 -> -7), repel missiles, not resistant to hostile
enchantments, stealthy
A: carnivore 3
a: no special abilities


You were on level 7 of the Dungeon.
You were very full.

You visited 1 branch of the dungeon, and saw 7 of its levels.

You collected 261 gold pieces.
You spent 162 gold pieces at shops.

Inventory:

Hand weapons
 a - a +2 short sword of flaming (weapon)
 c - a +0 blowgun
 i - a +0 short sword
 n - a +3 flail
 z - a +0 flail of protection
Missiles
 g - 80 stones (quivered)
 s - 7 poisoned needles
 B - 17 sling bullets
 D - 4 tomahawks of returning
Armour
 b - a +1 hat (worn)
 e - a +0 robe (worn)
 h - a +0 ring mail
 v - a +2 ring mail of cold resistance
Rods
 I - a +5 rod of the swarm (14/14) {!a}
   (You took it off an orc wizard on level 6 of the Dungeon)
Jewellery
 x - a cursed ring of positive energy (left hand)
Magical devices
 r - a wand of random effects (19)
 C - a wand of fireball (4)
 H - a wand of digging (24)
 K - a wand of flame (32)
Scrolls
 j - a scroll of recharging
 m - a scroll of amnesia
 p - 3 scrolls of remove curse
 q - a scroll of teleportation {!r}
 y - 2 scrolls of identify
 A - 2 scrolls of fog
 F - a scroll of fear {!r}
Potions
 f - 3 potions of degeneration
 l - a potion of resistance
 o - a potion of cure mutation {!q}
 u - 2 potions of might
Books
 t - a book of Minor Magic

   Spells                             Type                      Level
   a - Magic Dart                     Conjuration                  1
   b - Blink                          Translocation                2
   c - Call Imp                       Summoning                    2
   d - Repel Missiles                 Charms/Air                   2
   e - Slow                           Hexes                        2
   f - Conjure Flame                  Conjuration/Fire             3
   g - Mephitic Cloud                 Conjuration/Poison/Air       3
 G - a book of the Tempests

   Spells                             Type                      Level
   a - Static Discharge               Conjuration/Air              3
   b - Lightning Bolt                 Conjuration/Air              5
   c - Fireball                       Conjuration/Fire             5
   d - Tornado                        Air                          9
   e - Shatter                        Earth                        9
Comestibles
 d - 4 meat rations
 k - 3 beef jerkies
 w - a slice of pizza
 J - a royal jelly


   Skills:
 - Level 3.5 Fighting
 - Level 1.0 Short Blades
 - Level 4.3 Maces & Flails
 - Level 2.1 Armour
 - Level 4.7 Dodging
 - Level 2.8 Stealth
 - Level 4.7 Spellcasting
 - Level 3.0 Conjurations
 + Level 6.2 Hexes
 - Level 1.0 Summonings
 - Level 1.0 Translocations
 - Level 1.5 Fire Magic
 - Level 2.1 Air Magic
 - Level 1.6 Poison Magic


You had 2 spell levels left.
You knew the following spells:

 Your Spells              Type           Power        Failure   Level  Hunger
a - Magic Dart            Conj           ##..         6%          1    None
b - Call Imp              Summ           #.......     17%         2    ##.....
d - Conjure Flame         Conj/Fire      ##......     21%         3    ###....
r - Repel Missiles        Chrm/Air       #.....       17%         2    ##.....
v - Blink                 Tloc           N/A          17%         2    ##.....
C - Mephitic Cloud        Conj/Pois/Air  ##......     21%         3    ###....
Z - Slow                  Hex            ###.....     1%          2    ##.....


Dungeon Overview and Level Annotations

Branches:
Dungeon (7/15)             Temple (0/1) D:5

Altars:
Xom

Shops:
D:4 ?


Innate Abilities, Weirdness & Mutations

You are small and have problems with some larger weapons.
You are carnivorous and can eat meat at any time.


Message History

Unknown command.
Unknown command.
Casting: Slow
Confirm with . or Enter, or press ? or * to list all spells.
You don't know that spell.
Unknown command.
Unknown command.
Casting: Slow
Confirm with . or Enter, or press ? or * to list all spells.
You don't know that spell.
You feel sick.
You hit the iguana but do no damage.
The iguana is almost dead.
The iguana bites you!
* * * LOW HITPOINT WARNING * * *
The iguana barely misses you.
Drink which item? (? for menu, Esc to quit)
You feel agile all of a sudden. The iguana bites you!
You die...

▓..▓▓..▓.......
▓'▓.▓.▓.▓.▓.▓.▓
. ▓.............
.. +.▓.▓.▓.▓.▓.▓
..▓+...........
▓..▓.▓.▓.▓.▓>▓..
▓...............
▓..▓.▓.▓.▓.▓.▓▓
▓...Kla.......▓
▓..▓.▓.▓.▓.▓.▓+
▓............
▓▓.▓.▓.▓.▓.▓.▓
▓........▓....
▓▓▓▓▓....+....+
▓....▓ ▓▓▓▓
▓▓▓▓▓▓


You could see an iguana and a worker ant.

Vanquished Creatures
  Edmund (D:4)
  A black bear (D:5)
  3 sky beasts
  3 centaurs
  2 ogres
  A giant frog (D:6)
  3 crimson imps
  A jelly (D:5)
  A giant frog zombie (D:5)
  3 orc priests
  An iguana (D:5)
  Ijyb (D:2)
  2 hounds
  A centaur skeleton (D:3)
  Jessica (D:2)
  Terence (D:1)
  5 orc wizards
  5 worker ants
  Natasha (thrice) (D:4)
  A hound zombie (D:6)
  Robin (D:2)
  A worker ant zombie (D:6)
  14 adders
  4 gnolls (D:4)
  2 worms
  2 adder skeletons
  6 giant geckos
  15 orcs
  A ball python (D:3)
  5 bats
  10 giant cockroaches
  6 hobgoblins
  5 jackals
  11 kobolds
  9 giant newts
  18 goblins
  3 quokkas
  7 rats
160 creatures vanquished.

Vanquished Creatures (collateral kills)
  A shadow imp (D:5)
  A giant cockroach (D:5)
  A jackal (D:6)
  3 giant newts (D:1)
6 creatures vanquished.

Grand Total: 166 creatures vanquished

Notes
Turn   | Place    | Note
--------------------------------------------------------------
     0 | D:1      | utis the Kobold Wizard began the quest for the Orb.
     0 | D:1      | Reached XP level 1. HP: 10/10 MP: 4/4
    31 | D:1      | Reached skill level 1 in Conjurations
   255 | D:1      | Reached XP level 2. HP: 15/15 MP: 3/6
   287 | D:1      | Learned a level 2 spell: Call Imp
   636 | D:1      | Reached XP level 3. HP: 19/19 MP: 4/7
   669 | D:1      | Learned a level 3 spell: Mephitic Cloud
  1187 | D:2      | Noticed Terence
  1187 | D:2      | Noticed Jessica
  1199 | D:1      | Killed Terence
  1199 | D:1      | Reached XP level 4. HP: 13/24 MP: 4/9
  1334 | D:1      | Learned a level 3 spell: Conjure Flame
  1400 | D:2      | Killed Jessica
  1400 | D:2      | Reached skill level 1 in Air Magic
  1677 | D:2      | Reached XP level 5. HP: 26/28 MP: 10/10
  1750 | D:2      | Noticed Ijyb
  1768 | D:2      | Reached skill level 1 in Poison Magic
  1975 | D:2      | Killed Ijyb
  2125 | D:2      | Noticed Robin
  2157 | D:2      | Killed Robin
  2258 | D:2      | Reached skill level 1 in Fire Magic
  2363 | D:2      | Learned a level 2 spell: Repel Missiles
  2511 | D:2      | Reached XP level 6. HP: 22/32 MP: 4/11
  2963 | D:3      | Found a shimmering altar of Xom.
  2963 | D:3      | Found a shimmering altar of Xom.
  2963 | D:3      | Found a shimmering altar of Xom.
  2981 | D:3      | Found a shimmering altar of Xom.
  2981 | D:3      | Found a shimmering altar of Xom.
  3465 | D:3      | Reached skill level 1 in Armour
  3601 | D:3      | Reached skill level 1 in Fighting
  3601 | D:3      | Reached skill level 1 in Short Blades
  3630 | D:3      | Found a shimmering altar of Xom.
  4147 | D:4      | Noticed Edmund
  4334 | D:4      | Killed Edmund
  4334 | D:4      | Reached skill level 1 in Maces & Flails
  4334 | D:4      | Reached XP level 7. HP: 34/39 MP: 9/12
  4836 | D:4      | Noticed Natasha
  5054 | D:4      | Killed Natasha
  5124 | D:4      | Learned a level 2 spell: Blink
  5135 | D:4      | Noticed Natasha
  5626 | D:4      | Found Jiraguxt's Magic Scroll Boutique.
  5640 | D:4      | Bought 3 scrolls of identify for 78 gold pieces
  5640 | D:4      | Bought a scroll of fear for 45 gold pieces
  5640 | D:4      | Bought a scroll of teleportation for 39 gold pieces
  5706 | D:4      | Killed Natasha
  6061 | D:4      | Found Jiraguxt's Magic Scroll Boutique.
  6165 | D:4      | Noticed Natasha
  6579 | D:4      | Killed Natasha
  6664 | D:4      | Reached skill level 4 in Dodging
  6664 | D:4      | Reached XP level 8. HP: 45/45 MP: 7/13
  6975 | D:5      | Entered Level 5 of the Dungeon
  8035 | D:5      | Learned a level 2 spell: Slow
  8086 | D:5      | Found a staircase to the Ecumenical Temple.
  8188 | D:5      | Reached skill level 1 in Hexes
  8649 | D:6      | Reached XP level 9. HP: 48/51 MP: 16/16
  9309 | D:4      | Reached skill level 5 in Hexes
  9745 | D:5      | Reached skill level 6 in Hexes
 10285 | D:6      | Identified a +5 rod of the swarm (6/14) {!a} (You took it off an orc wizard on level 6 of the Dungeon)
 10652 | D:7      | Mangled by an iguana

Vault maps used:
D:1:      evilmike_arrival_hilbert_curve, minmay_lizard_king
D:2:      uniq_iyjb, uniq_robin, uniq_terence, uniq_jessica
D:3:      xom_redecorated
D:4:      serial_shops, nicolae_shop_waterfront, kennysheep_dice, uniq_natasha,
          uniq_edmund
D:5:      minmay_temple_entry_purple_smoke, first_bread
D:7:      serial_shops, shop, enter_ossuary_5, minmay_misc_feat_encased,
          grunt_ogre_cave, st_stairs_10, grunt_gozag_statues

Action                   |  1- 3 |  4- 6 |  7- 9 || total
-------------------------+-------+-------+-------++-------
Melee: Unarmed           |     1 |       |       ||     1
       Short sword       |    14 |   165 |    38 ||   217
       Flail             |       |       |   368 ||   368
Throw: Stone             |       |    56 |    27 ||    83
 Cast: Magic Dart        |    37 |    17 |     1 ||    55
       Call Imp          |     1 |       |     7 ||     8
       Mephitic Cloud    |     1 |    19 |    42 ||    62
       Conjure Flame     |       |     5 |     3 ||     8
       Repel Missiles    |       |     1 |       ||     1
       Slow              |       |       |    26 ||    26
  Use: Scroll            |     2 |     2 |    15 ||    19
       Potion            |       |     2 |     1 ||     3
 Stab: Sleeping          |     2 |     2 |       ||     4
       Confused          |     1 |     9 |    24 ||    34
  Eat: Chunk             |     9 |    12 |    27 ||    48
